 Dungeon Crawl Stone Soup version 0.25-a0-927-g39f137c8b7 (webtiles) character file.

Game seed: 12972854264781982475, levelgen mode: deterministic

53 DildoBatman the Conjurer (level 4, 0/30 HPs)
             Began as a Formicid Wizard on May 3, 2020.
             Slain by a centaur (6 damage)
             ... on level 3 of the Dungeon.
             The game lasted 00:05:48 (2017 turns).

DildoBatman the Conjurer (Formicid Wizard)          Turns: 2017, Time: 00:05:48

Health: 0/30       AC:  4    Str: 11    XL:     4   Next: 11%
Magic:  8/8        EV: 11    Int: 19    God:
Gold:   150        SH:  0    Dex:  9    Spells: 2/9 levels left

rFire    . . .     SeeInvis +   j - +0 dagger (elec)
rCold    . . .     Gourm    .   (no shield)
rNeg     + . .     Faith    .   l - +0 leather armour (curse)
rPois    .         Spirit   .   (helmet unavailable)
rElec    .         Reflect  .   (no cloak)
rCorr    .         Harm     .   (no gloves)
MR       .....                  b - +0 pair of boots
Stlth    ++........             (no amulet)
HPRegen  0.10/turn              r - ring of positive energy
MPRegen  0.11/turn              (no ring)

@: no status effects
A: permanent stasis, dig shafts and tunnels, four strong arms, antennae 3
a: Dig, Shaft Self


You were on level 3 of the Dungeon.
You were not hungry.

You visited 1 branch of the dungeon, and saw 3 of its levels.

You collected 150 gold pieces.

Inventory:

Hand Weapons
 j - a +0 dagger of electrocution (weapon)
 p - a +0 shortbow
Missiles
 d - 47 stones (quivered)
Armour
 b - a +0 pair of boots (worn)
 l - a cursed +0 leather armour (worn)
Jewellery
 r - a ring of positive energy (left hand)
Scrolls
 c - a scroll of fog {unknown}
 e - a scroll of enchant weapon {unknown}
 g - 2 scrolls of immolation {unknown}
 i - a scroll of magic mapping {unknown}
 k - a scroll of remove curse {unknown}
 m - a scroll of teleportation {unknown}
 n - 2 scrolls of identify {unknown}
Potions
 f - a potion of stabbing {unknown}
 o - a potion of magic {unknown}
 q - a potion of invisibility {unknown}
Comestibles
 h - 7 chunks of flesh
 v - 3 rations


   Skills:
 - Level 1.7 Dodging
 - Level 2.4 Stealth
 - Level 3.2 Spellcasting
 * Level 3.3 Conjurations
   Level 1.0 Summonings
   Level 0.8 Translocations


You had 2 spell levels left.
You knew the following spells:

 Your Spells              Type           Power        Failure   Level  Hunger
a - Conjure Flame         Conj/Fire      #.......     30%         3    ###....
c - Magic Dart            Conj           ###.         4%          1    None
e - Mephitic Cloud        Conj/Pois/Air  #.......     36%         3    ###....

Your spell library contained the following spells:

 Spells                   Type           Power        Failure   Level  Hunger
 Call Imp                 Summ           #.......     21%         2    ##.....
 Slow                     Hex            #.......     30%         2    ##.....
 Blink                    Tloc           Unusable     N/A         2    N/A

Dungeon Overview and Level Annotations

Branches:
Dungeon (3/15)

Altars:

Annotations:
D:1 Terence
D:2 1 exclusion


Innate Abilities, Weirdness & Mutations

You cannot be hasted, slowed, berserked, paralysed or teleported.
You can dig through walls and to a lower floor.
Your four strong arms can wield two-handed weapons with a shield.
You have a pair of large antennae on your head. (SInv)


Message History

The centaur hits you but does no damage.
The centaur hits you.
You hit the centaur but do no damage.
The centaur hits you but does no damage.
You barely miss the centaur. The centaur barely misses you.
The centaur misses you.
You hit the centaur but do no damage. The centaur barely misses you.
You hit the centaur.
The centaur is lightly wounded.
The centaur hits you.
The centaur hits you but does no damage.
You hit the centaur but do no damage.
The centaur is lightly wounded.
The centaur hits you.
You barely miss the centaur.
The centaur is lightly wounded.
The centaur hits you. x2
You die...

..........#
.. .
##........#
#.
........[.#
..
#........#
..
##......).#
..........#
.
.#........#
.
######(###
. #@# .o.
#c####.....
#o.....{...
#####.(....
{ .....
...# ... ##


You could see a centaur and an orc.

Vanquished Creatures
  An ooze (D:1)
  A worm (D:2)
  A dart slug (D:3)
  3 orcs (D:3)
  A bat (D:1)
  A giant cockroach (D:1)
  7 goblins
  3 hobgoblins
  4 jackals (D:2)
  3 kobolds
  2 quokkas (D:2)
  A ball python (D:2)
  4 frilled lizards
  8 rats
40 creatures vanquished.

Notes
Turn   | Place    | Note
-------+----------+-------------------------------------------
     0 | D:1      | DildoBatman the Formicid Wizard began the quest for the
                  | Orb.
     0 | D:1      | Reached XP level 1. HP: 13/13 MP: 4/4
     5 | D:1      | Reached skill level 1 in Conjurations
   225 | D:1      | Reached XP level 2. HP: 7/19 MP: 0/6
   721 | D:1      | Reached XP level 3. HP: 24/24 MP: 4/7
   726 | D:1      | Learned a level 3 spell: Conjure Flame
   730 | D:1      | Learned a level 3 spell: Mephitic Cloud
  1449 | D:2      | Noticed Terence
  1912 | D:3      | Reached XP level 4. HP: 29/30 MP: 5/8
  1998 | D:3      | Noticed a centaur
  2017 | D:3      | Slain by a centaur

Levels and vault maps discovered:
D:1:      psy_arrival_dodecagon, layout_rooms
D:2:      layout_loops_ring, uniq_terence
D:3:      layout_basic

Skill      XL: |  1  2  3 |
---------------+----------+-----
Conjurations   | 1 2 3 |  3.3
Dodging        | |  1.7
Stealth        | |  2.4
Spellcasting   | |  3.2
Summonings     | |  1.0
Translocations | |  0.8

Action                   |  1- 3 |  4- 6 || total
-------------------------+-------+-------++-------
Melee: Club              |    18 |       ||    18
       Short sword       |     7 |       ||     7
       Dagger            |       |    10 ||    10
 Cast: Magic Dart        |    78 |     8 ||    86
 Abil: Dig               |     1 |       ||     1
 Stab: Sleeping          |     1 |       ||     1
  Eat: Chunk             |     3 |       ||     3
Armor: Robe              |     5 |       ||     5
       Leather armour    |     6 |     4 ||    10
Dodge: Dodged            |    35 |     5 ||    40

Table legend:
 A = Non-vault XP
 B = Vault XP
 C = Vault XP percentage of total XP
 D = Non-vault monster count
 E = Vault monster count
 F = Vault count percentage of total count
                 A         B        C        D         E       F
            +---------+---------+-------+---------+---------+-------
      Total |      77 |       0 |   0.0 |      40 |       0 |   0.0
            +---------+---------+-------+---------+---------+-------
        D:1 |      30 |       0 |   0.0 |      18 |       0 |   0.0
        D:2 |      32 |       0 |   0.0 |      17 |       0 |   0.0
        D:3 |      15 |       0 |   0.0 |       5 |       0 |   0.0
            +---------+---------+-------+---------+---------+-------
